 Dungeon Crawl Stone Soup version 0.31-a0-1204-ge2c1a860ed (webtiles) character file.

Game seed: 3810472447632215357

53 avis the Trooper (level 3, -1/37 HPs)
             Began as a Hill Orc Monk on Dec 13, 2023.
             Slain by Sigmund
             ... wielding a +0 scythe
              (4 damage)
             ... on level 2 of the Dungeon.
             The game lasted 00:04:15 (1219 turns).

avis the Trooper (Hill Orc Monk)                    Turns: 1219, Time: 00:04:15

Health: -1/37      AC:  2    Str: 13 (15) XL:     3   Next: 87%
Magic:  3/3        EV: 12    Int:  9 (10) God:
Gold:   92         SH:  0    Dex: 10 (13) Spells: 2/2 levels left

rFire   . . .        a - +0 hand axe
rCold   . . .        d - orb {light}
rNeg    . . .        b - +0 robe
rPois   .            (no helmet)
rElec   .            (no cloak)
rCorr   .            (no gloves)
SInv    .            (no boots)
Will    .....        (no amulet)
Stlth   +            (no ring)
HPRegen 0.26/turn    (no ring)
MPRegen 0.08/turn

%: no passive effects
@: glowing
A: no striking features
a: no special abilities


You were on level 2 of the Dungeon.
You visited 1 branch of the dungeon, and saw 2 of its levels.

You collected 92 gold pieces.

Inventory:

Hand Weapons
 a - a +0 hand axe (weapon)
 g - a +0 spear
Missiles
 m - 4 boomerangs (quivered)
Armour
 b - a +0 robe (worn)
 d - an orb of light (worn)
 l - an orb of mayhem
Magical Staves
 f - a staff of cold
Scrolls
 e - a scroll of revelation {unknown}
 j - a scroll of enchant armour {unknown}
 k - 2 scrolls of identify {unknown}
Potions
 h - a potion of brilliance {unknown}


   Skills:
 * Level 5.6 Fighting
 - Level 4.0 Axes
 - Level 2.4 Dodging


You had 2 spell levels left.
You didn't know any spells.
Your spell library was empty.

Dungeon Overview and Level Annotations

Branches:
Dungeon (2/15)

Altars:

Annotations:
D:2 Sigmund


Message History

Sigmund flickers and vanishes for a moment.
You hit Sigmund.
Sigmund is moderately wounded.
You hit the giant cockroach but do no damage.
The giant cockroach closely misses you. Sigmund hits you with a +0 scythe.
The giant cockroach bites you but does no damage.
You hit Sigmund but do no damage.
Sigmund is moderately wounded.
You closely miss the adder. You barely miss the giant cockroach.
The adder bites you. The giant cockroach closely misses you.
Sigmund hits you with a +0 scythe.
You hit Sigmund but do no damage.
Sigmund is moderately wounded.
You hit the adder.
You hit the giant cockroach but do no damage.
The adder bites you. The giant cockroach bites you. The adder bites you.
You barely miss Sigmund.
Sigmund is moderately wounded.
You hit the giant cockroach.
You kill the giant cockroach!
You barely miss the adder. Sigmund gestures at you while chanting.
The puff of flame misses you. The adder bites you but does no damage.
You barely miss Sigmund.
Sigmund is moderately wounded.
You hit the adder. Sigmund closely misses you. The adder bites you.
* * * LOW HITPOINT WARNING * * *
You completely miss Sigmund.
Sigmund is moderately wounded.
You barely miss the adder. The adder bites you but does no damage.
Sigmund hits you with a +0 scythe!
* * * LOW HITPOINT WARNING * * *
The adder bites you.
* * * LOW HITPOINT WARNING * * *
It was a potion of degeneration.
There was something very wrong with that liquid.
You feel weakened.
You feel dopey.
You feel clumsy. The adder closely misses you.
Sigmund hits you with a +0 scythe.
You die...
Sigmund begins carving another notch in his scythe.

#.......
#......
#......
.....
##...##
##.....##
#...S@..#
#...@...#
#..†...>#
##....$##
#........
#.......##
#.......#
##......#
##...#.#


You could see Sigmund (invisible) and an adder.

Vanquished Creatures
  A gnoll (D:1)
  An adder (D:2)
  2 bats (D:1)
  2 endoplasms
  A giant cockroach (D:2)
  2 goblins (D:1)
  4 hobgoblins (D:1)
  3 jackals (D:1)
  5 kobolds (D:1)
  2 quokkas (D:1)
  5 ball pythons (D:1)
  3 rats (D:1)
31 creatures vanquished.

Notes
Turn   | Place    | Note
-------+----------+-------------------------------------------
     0 | D:1      | avis the Hill Orc Monk began the quest for the Orb.
     0 | D:1      | Reached XP level 1. HP: 19/19 MP: 1/1
   168 | D:1      | Reached skill level 4 in Fighting
   175 | D:1      | Reached XP level 2. HP: 16/27 MP: 2/2
   581 | D:1      | Reached XP level 3. HP: 30/35 MP: 3/3
   584 | D:1      | Reached skill level 5 in Fighting
  1209 | D:2      | Noticed Sigmund
  1219 | D:2      | Slain by Sigmund

Illustrated notes

Levels and vault maps discovered:
D:1:      onia_arrival_mini_spirals, layout_basic, solitary_fountain,
          dk_noncrumbling_2
D:2:      layout_rooms, uniq_sigmund

Skill      XL: |  1  2  3 |
---------------+----------+-----
Fighting       | 4 5 |  5.6
Axes           | |  4.0
Dodging        | |  2.4

Action                     || total
---------------------------++-------
  Melee: Hand axe          ||   105
    Use: Potion            ||     2
 Armour: Robe              ||    71
  Dodge: Dodged            ||    61

Table legend: (Time is in decaauts)
 A = Elapsed time spent in this place.
 B = Non-inter-level travel time spent in this place.
 C = Inter-level travel time spent in this place.
 D = Time resting spent in this place.
 E = Time spent auto-exploring this place.
 F = Levels seen in this place.
 G = Mean time per level.
                   A        B        C        D        E       F      G
               +--------+--------+--------+--------+--------+-----+--------+
         Total |   1229 |   1125 |    104 |    218 |    626 |   2 |  614.5 |
       Dungeon |   1229 |   1125 |    104 |    218 |    626 |   2 |  614.5 |
               +--------+--------+--------+--------+--------+-----+--------+

Top non-repeatable levels by time:
     D:1: 1103 daAuts
     D:2: 126 daAuts
